 Dungeon Crawl Stone Soup version 0.31-a0-640-g39d97e502b (webtiles) character file.

Game seed: 15427685550461788262

140456 qw the Marksgargoyle (level 17, 0/119 HPs)
             Began as a Gargoyle Hunter on Aug 27, 2023.
             Was a High Priest of Okawaru.
             Constricted to death by Jorgrun (12 damage)
             ... on level 1 of the Swamp.
             The game lasted 00:16:11 (31654 turns).

qw the Marksgargoyle (Gargoyle Hunter)             Turns: 31654, Time: 00:16:11

Health: 0/119      AC: 29    Str: 16    XL:     17   Next: 30%
Magic:  23/24      EV: 29    Int: 15    God:    Okawaru [*****.]
Gold:   320        SH:  0    Dex: 25    Spells: 16/16 levels left

rFire   + . .        B - +7 triple crossbow of Conscience {penet, Str+2 Dex+3}
rCold   + . .        (shield currently unavailable)
rNeg    + . .        m - +2 robe {rC+ rF+}
rPois   inf          y - +0 hat "Pinuam" {Str-3 Int+5 Dex+3}
rElec   +            b - +0 cloak
rCorr   .            i - +2 pair of gloves
SInv    .            g - +1 pair of boots {Stlth+}
Will    +....        x - amulet of faith
Stlth   +++++        w - +5 ring of evasion
HPRegen 0.39/turn    e - +4 ring of protection
MPRegen 0.19/turn

%: faith
@: about to teleport, heroic, grasped by roots, flying, constricted
A: sickness immunity, AC +12, big wings, negative energy resistance 1,
electricity resistance, torment resistance 1, petrification resistance, horns 1
a: Renounce Religion, Heroism, Finesse, Duel


You were on level 1 of the Swamp.
You worshipped Okawaru.
Okawaru was extremely pleased with you.
You visited 6 branches of the dungeon, and saw 27 of its levels.
You visited 1 bazaar.

You collected 1985 gold pieces.
You spent 1665 gold pieces at shops.


Innate Abilities, Weirdness & Mutations

You are immune to sickness and miasma.
Your stone body is resilient. (AC +12)
You are immune to poison.
Your large and strong wings let you fly.
You resist negative energy. (rN+)
You are resistant to electric shocks. (rElec)
You are resistant to unholy torment.
You are immune to petrification.
You have a pair of small horns on your head.


   Skills:
 - Level 18.0(23.0) Fighting
 + Level 20.1(25.1) Ranged Weapons
 - Level 7.0(12.0) Armour
 - Level 11.2(16.2) Dodging
 - Level 1.1(6.1) Stealth
 - Level 10.0 Invocations


You had 16 spell levels left.
You didn't know any spells.
Your spell library was empty.

Inventory:

Hand Weapons
 B - the +7 triple crossbow of Conscience (weapon) {penet, Str+2 Dex+3}
   (Okawaru gifted it to you on level 1 of the Snake Pit)

   Str+2:     It affects your strength (+2).
   Dex+3:     It affects your dexterity (+3).
Armour
 b - a +0 cloak (worn)
 g - a +1 pair of boots of stealth (worn)
 h - a +4 ring mail
 i - a +2 pair of gloves (worn)
 m - a +2 robe of resistance (worn)
 s - a +2 ring mail of cold resistance
 y - the +0 hat "Pinuam" (worn) {Str-3 Int+5 Dex+3}
   (Okawaru gifted it to you on level 13 of the Dungeon)

   Str-3:     It affects your strength (-3).
   Int+5:     It affects your intelligence (+5).
   Dex+3:     It affects your dexterity (+3).
Jewellery
 c - an amulet of the acrobat
 e - a +4 ring of protection (right hand)
 p - a ring of protection from fire
 q - an amulet of reflection
 v - a ring of fire
 w - a +5 ring of evasion (left hand)
 x - an amulet of faith (around neck)
Wands
 j - a wand of digging (5)
Scrolls
 l - 14 scrolls of identify
 z - a scroll of teleportation
Potions
 a - a potion of haste
 d - 5 potions of mutation
 f - a potion of heal wounds
 k - 2 potions of resistance
 n - 2 potions of might
 o - 12 potions of curing
 r - 2 potions of enlightenment
 t - 4 potions of cancellation
 u - a potion of magic

Dungeon Overview and Level Annotations

Branches:
Dungeon (15/15)            Temple (1/1) D:7            Lair (5/5) D:9
  Swamp (1/4) Lair:2        Snake (3/4) Lair:2        Slime (0/5) Lair:5
    Orc (2/2) D:9             Elf (0/3) Orc:2        Vaults (0/5) D:13
 Depths (0/4) D:15

Altars:
Ashenzari
Cheibriados
Dithmenos
Elyvilon
Fedhas
Gozag
Hepliaklqana
Kikubaaqudgha
Makhleb
Nemelex Xobeh
Okawaru
Qazlal
Ru
Sif Muna
Trog
Uskayaw
Vehumet
Wu Jian
Xom
Yredelemnul
Zin
The Shining One

Shops:
Orc:2 =:*=   Snake:3 (=*:

Annotations:
D:2 1 runed translucent door, Crazy Yiuf
D:10 2 transporters
Lair:4 1 runed translucent door, qw's ghost, journeyman GrHs
Lair:5 1 runed translucent door
Swamp:1 Jorgrun


Message History

The tyrant leech is severely wounded.
The eleionoma hits you but does no damage.
Jorgrun hits you with a +0 heavy quarterstaff!
The grasping roots constrict you.
You shoot a bolt. The bolt pierces through Jorgrun.
Jorgrun is heavily wounded.
The bolt pierces through the tyrant leech!!
The tyrant leech is almost dead.
The eleionoma hits you but does no damage.
Jorgrun hits you but does no damage. The grasping roots constrict you!
You shoot a bolt. The bolt pierces through Jorgrun!!
Jorgrun is heavily wounded.
The bolt pierces through the tyrant leech!!!!
You kill the tyrant leech!
Okawaru accepts your kill.
The eleionoma hurls a spray of splinters at you.
The spray of wooden splinters misses you.
You shoot a bolt. The bolt pierces through Jorgrun!
Jorgrun is severely wounded.
The eleionoma closely misses you. Jorgrun completely misses you.
The grasping roots constrict you.
You shoot a bolt. The bolt closely misses Jorgrun.
The eleionoma hits you!
Jorgrun points at you and mumbles some strange words.
The entropic shot misses you. The grasping roots constrict you.
31654 ||| READING 2 scrolls of teleportation.
As you read the scroll of teleportation, it crumbles to dust.
You feel strangely unstable. The eleionoma completely misses you.
The eight-headed hydra barely misses you.
The eight-headed hydra bites you but does no damage.
The eight-headed hydra barely misses you.
The eight-headed hydra completely misses you.
The eight-headed hydra bites you but does no damage.
The eight-headed hydra barely misses you.
The eight-headed hydra bites you but does no damage.
The eight-headed hydra misses you.
Jorgrun hits you with a +0 heavy quarterstaff!
The grasping roots constrict you!
You die...

7#.#.~~~.7 .7~...~~~.7
....~~~~..7 .....~~~.~7
.~~.....~.7777777777777
~~~...%...~~77~~~7...~7777
........~..~~~~~~~~~~~~~7~
..~~~..~gD.~~~..~~~~~~~~~~
.~~~~~~¤R@~~~~~.~~~~...~~~
.~~~~~~.7.~~.~~~~~~~~~~~~.
~~~~~~~...~~~~~~~~.~~~~~¤.
~~~~~.....7~~~.~7~~~~~~~~7
~~¤~......777~~~77~...~777
~~~~....~~7


777777777777 7 ~~~.~77.~¤7 .7 77~77 7 You could see Jorgrun, an eleionoma and an
eight-headed hydra.

Vanquished Creatures
  Kirke (Lair:5)
  Nessos (Orc:2)
  Azrael (D:14)
  Snorg (Lair:4)
  Josephine (D:13)
  Fannar (D:10)
  An ice dragon (Snake:2)
  4 hydras
  4 vault guards (D:13)
  4 ogre magi (Orc:2)
  2 catoblepae (Lair:5)
  3 alligators (Swamp:1)
  3 boulder beetles
  11 anacondas
  14 two-headed ogres
  2 centaur warriors
  A tengu warrior (D:14)
  7 naga warriors
  9 naga sharpshooters
  6 shock serpents
  2 spriggans (Swamp:1)
  Urug (D:10)
  A salamander mystic (Snake:3)
  A skyshark (Lair:5)
  5 skeletal warriors (D:13)
  2 bog bodies
  A spriggan druid (Swamp:1)
  3 wizards (D:14)
  6 naga ritualists
  5 lindwurms
  A necromancer (D:15)
  9 mana vipers
  2 orc knights
  2 deep elf pyromancers (D:15)
  A wolf spider (Lair:5)
  9 salamanders
  3 manticores
  5 cyclopes
  7 ugly things
  4 orc sorcerers
  28 black mambas
  Joseph (D:9)
  Maurice (D:9)
  A centaur zombie (D:15)
  2 guardian serpents
  An ice statue (Snake:2)
  8 elephants
  8 torpor snails
  11 naga magi
  3 centaur skeletons (D:15)
  7 cane toads
  A molten gargoyle (Lair:4)
  4 gargoyles
  8 komodo dragons
  5 rime drakes
  2 tengu conjurers (D:15)
  8 trolls
  4 tyrant leeches
  9 hornets
  3 polar bears
  A wolf spider simulacrum (D:15)
  21 blink frogs
  2 dream sheep (D:14)
  Sigmund (D:6)
  4 slime creatures (D:12)
  39 yaks
  4 wyverns
  A shadow (D:12)
  A vampire (D:13)
  A basilisk (Lair:5)
  8 wraiths
  A hog (Lair:5)
  13 humans
  4 fire elementals
  2 steam dragons
  8 vampire mosquitoes
  25 nagas
  An acid dragon (D:13)
  8 wargs
  A swamp worm (Swamp:1)
  2 hell hounds
  14 water moccasins
  Duvessa (D:6)
  26 orc warriors
  2 black bears
  6 ice beasts
  4 boggarts (D:14)
  10 wolves (Lair:2)
  26 ogres
  6 centaurs
  A phantom (D:5)
  5 kobold brigands
  3 scorpions
  12 bullfrogs
  5 wights (D:8)
  Dowan (D:6)
  5 killer bees
  6 howler monkeys
  A lava snake (Lair:4)
  2 hounds
  A jelly (D:5)
  16 orc priests
  A gnoll bouda (D:7)
  6 iguanas
  18 orc wizards
  9 hell rats
  A mummy (D:15)
  2 adders
  6 gnolls
  3 shadow imps
  A white imp (D:6)
  3 ufetubi
  A worm (D:2)
  2 dart slugs
  56 orcs
  5 ball pythons
  4 bats
  4 endoplasms
  5 giant cockroaches
  5 goblins
  5 hobgoblins
  6 jackals
  6 quokkas
  3 frilled lizards
  21 kobolds
  3 rats
739 creatures vanquished.

Vanquished Creatures (others)
  A vault guard (D:13)
  A wizard (D:14)
  A boggart (D:14)
3 creatures vanquished.

Grand Total: 742 creatures vanquished

Notes
Turn   | Place    | Note
-------+----------+-------------------------------------------
     0 | D:1      | qw the Gargoyle Hunter began the quest for the Orb.
     0 | D:1      | Reached XP level 1. HP: 12/12 MP: 1/1
     0 | D:1      | 0 ||| qw: Version: 0.3-a-74-g0d5e918
     0 | D:1      | 0 ||| qw: Game counter: 53
     0 | D:1      | 0 ||| qw: Melee chars always use a shield: true
     0 | D:1      | 0 ||| qw: God list: Okawaru
     0 | D:1      | 0 ||| qw: Allow faded altars: false
     0 | D:1      | 0 ||| qw: Do Orc after clearing Dungeon:15 true
     0 | D:1      | 0 ||| qw: Do second Lair branch before Depths: true
     0 | D:1      | 0 ||| qw: Lair rune preference: random
     0 | D:1      | 0 ||| qw: Goals: Normal
     0 | D:1      | 0 ||| PLANNING D:1-11
   186 | D:1      | Reached XP level 2. HP: 17/17 MP: 2/2
   787 | D:1      | Reached XP level 3. HP: 21/21 MP: 3/3
   962 | D:1      | 962 ||| UPGRADING to +0 pair of gloves.
   967 | D:1      | 967 ||| UPGRADING to ring of willpower.
   968 | D:1      | 968 ||| READING scroll labelled QICEOC MAJU.
   969 | D:1      | 969 ||| READING scroll labelled WUELOJ CUUM.
   970 | D:1      | 970 ||| READING scroll labelled XEVOPE YLEBULI.
   971 | D:1      | 971 ||| READING scroll labelled WIABAO YRPHO.
   972 | D:1      | 972 ||| DROPPING scroll of butterflies.
  1056 | D:2      | Reached skill level 5 in Ranged Weapons
  1057 | D:2      | You fall into a shaft and drop 2 floors!
  1091 | D:4      | 1091 ||| UPGRADING to +0 ring mail.
  1101 | D:4      | 1101 ||| DROPPING +0 leather armour.
  1102 | D:4      | 1102 ||| READING scroll labelled BERAODYO ENOH.
  1306 | D:2      | Reached skill level 1 in Armour
  1473 | D:2      | Found a faded altar of an unknown god.
  1638 | D:2      | Found a runed translucent door.
  1639 | D:2      | Noticed Crazy Yiuf
  1868 | D:2      | Reached XP level 4. HP: 27/27 MP: 4/4
  2129 | D:2      | 2129 ||| READING scroll labelled ANIUGY QAITOGG.
  2196 | D:3      | Reached skill level 3 in Fighting
  2797 | D:3      | 2797 ||| UPGRADING to amulet of the acrobat.
  2802 | D:3      | 2802 ||| UPGRADING to +4 ring of protection.
  2803 | D:3      | 2803 ||| READING scroll labelled TAKLAB ACAIRUTSO.
  2804 | D:3      | 2804 ||| READING scroll labelled CIMYCSU WOWAOGG.
  2971 | D:4      | Reached skill level 6 in Ranged Weapons
  2971 | D:4      | Reached XP level 5. HP: 32/32 MP: 5/5
  3063 | D:4      | 3063 ||| READING scroll of enchant weapon.
  3063 | D:4      | 3063 ||| ENCHANTING +1 heavy shortbow.
  3608 | D:4      | 3608 ||| READING scroll labelled ISTODGH BIHERUE.
  3609 | D:4      | 3609 ||| READING 2 scrolls of identify.
  3609 | D:4      | 3609 ||| IDENTIFYING pink potion
  3646 | D:5      | Entered Level 5 of the Dungeon
  3715 | D:5      | Noticed a black bear
  3726 | D:5      | Killed a black bear
  3727 | D:5      | Reached XP level 6. HP: 27/38 MP: 6/6
  3914 | D:5      | Reached skill level 7 in Ranged Weapons
  3945 | D:5      | Reached XP level 7. HP: 43/43 MP: 7/7
  4146 | D:5      | Found a radiant altar of Vehumet.
  4149 | D:5      | Found a glowing silver altar of Zin.
  4152 | D:5      | Found an ancient bone altar of Kikubaaqudgha.
  4155 | D:5      | Found a bloodstained altar of Trog.
  4229 | D:5      | Reached skill level 8 in Ranged Weapons
  4405 | D:5      | Identified the +1 spear "Ivour" {pain, MP+9}
  4477 | D:5      | 4477 ||| UPGRADING to +1 pair of boots of stealth.
  4482 | D:5      | 4482 ||| DRINKING 2 grey potions.
  4482 | D:5      | Gained mutation: You have a pair of small horns on your
                  | head. [potion of mutation]
  4483 | D:5      | 4483 ||| DRINKING 2 fizzy dark potions.
  4533 | D:5      | 4533 ||| DRINKING 2 coppery potions.
  4534 | D:5      | 4534 ||| DROPPING potion of lignification.
  4556 | D:6      | Noticed Duvessa
  4563 | D:6      | Killed Duvessa
  4564 | D:6      | Noticed Dowan
  4567 | D:6      | Killed Dowan
  4575 | D:6      | Noticed Sigmund
  4581 | D:6      | Killed Sigmund
  4582 | D:6      | Reached XP level 8. HP: 51/51 MP: 8/8
  5059 | D:6      | Reached skill level 9 in Ranged Weapons
  5066 | D:6      | Reached skill level 6 in Fighting
  5085 | D:6      | 5085 ||| UPGRADING to +2 robe of resistance.
  5095 | D:6      | 5095 ||| DROPPING +0 ring mail.
  5096 | D:6      | 5096 ||| READING scroll labelled VIRUOC OQURPHAELA.
  5097 | D:6      | 5097 ||| DRINKING 3 fuming puce potions.
  5098 | D:6      | 5098 ||| READING 5 scrolls of identify.
  5098 | D:6      | 5098 ||| IDENTIFYING brown potion
  5099 | D:6      | 5099 ||| READING 4 scrolls of identify.
  5099 | D:6      | 5099 ||| IDENTIFYING sapphire potion
  5100 | D:6      | 5100 ||| READING 3 scrolls of identify.
  5100 | D:6      | 5100 ||| IDENTIFYING black potion
  5101 | D:6      | 5101 ||| DROPPING potion of magic.
  5102 | D:6      | 5102 ||| DROPPING 2 potions of attraction.
  5267 | D:7      | Noticed a wyvern
  5273 | D:7      | Killed a wyvern
  5274 | D:7      | Reached skill level 10 in Ranged Weapons
  5274 | D:7      | Reached XP level 9. HP: 40/55 MP: 9/9
  5274 | D:7      | 5274 ||| FLEEEEING.
  5275 | D:7      | 5275 ||| FLEEEEING.
  5277 | D:7      | 5277 ||| FLEEEEING.
  5278 | D:7      | 5278 ||| FLEEEEING.
  5280 | D:7      | 5280 ||| FLEEEEING.
  5291 | D:7      | Reached skill level 3 in Dodging
  5572 | D:7      | Noticed a hornet
  5584 | D:7      | Killed a hornet
  5692 | D:7      | Found a hazy altar of Hepliaklqana.
  5959 | D:7      | Found a staircase to the Ecumenical Temple.
  5960 | D:7      | 5960 ||| PLANNING TEMPLE
  5969 | Temple   | Entered the Ecumenical Temple
  5970 | Temple   | 5970 ||| PLANNING OKAWARU WORSHIP
  6038 | Temple   | Became a worshipper of Warmaster Okawaru
  6039 | Temple   | 6039 ||| PLANNING D:1-11
  6375 | D:7      | Noticed a two-headed ogre
  6378 | D:7      | Killed a two-headed ogre
  6378 | D:7      | Reached * piety under Okawaru
  6379 | D:7      | Reached skill level 11 in Ranged Weapons
  6564 | D:8      | 6564 ||| INVOKING Heroism.
  6567 | D:8      | Reached skill level 1 in Invocations
  6570 | D:8      | 6570 ||| STAIRDANCE
  6574 | D:7      | Reached XP level 10. HP: 63/63 MP: 8/11
  6659 | D:8      | 6659 ||| RETREATING.
  6664 | D:8      | 6664 ||| INVOKING Heroism.
  6675 | D:8      | 6675 ||| Stepping ~*~*~tactically~*~*~ (retreating).
  6676 | D:8      | 6676 ||| Stepping ~*~*~tactically~*~*~ (retreating).
  6693 | D:8      | Reached skill level 3 in Invocations
  6693 | D:8      | 6693 ||| FLEEEEING.
  6695 | D:8      | 6695 ||| FLEEEEING.
  6696 | D:8      | 6696 ||| FLEEEEING.
  6697 | D:8      | 6697 ||| STAIRDANCE
  6737 | D:7      | 6737 ||| READING scroll labelled SOTOGO PAL.
  6817 | D:8      | Reached skill level 12 in Ranged Weapons
  6902 | D:8      | 6902 ||| INVOKING Heroism.
  6937 | D:8      | Noticed a two-headed ogre
  6938 | D:8      | 6938 ||| INVOKING Heroism.
  6945 | D:8      | Killed a two-headed ogre
  7030 | D:8      | 7030 ||| INVOKING Heroism.
  7351 | D:8      | 7351 ||| DRINKING 2 amethyst potions.
  7501 | D:9      | Noticed Joseph
  7505 | D:9      | Noticed Maurice
  7506 | D:9      | 7506 ||| RETREATING.
  7515 | D:9      | Killed Joseph
  7542 | D:9      | Killed Maurice
  7744 | D:9      | 7744 ||| RETREATING.
  7757 | D:9      | Reached ** piety under Okawaru
  7767 | D:9      | 7767 ||| INVOKING Heroism.
  7798 | D:9      | 7798 ||| INVOKING Heroism.
  7800 | D:9      | Reached skill level 13 in Ranged Weapons
  7905 | D:9      | Found a staircase to the Lair.
  7999 | D:9      | 7999 ||| INVOKING Heroism.
  8018 | D:9      | Found a flagged portal.
  8037 | D:9      | 8037 ||| INVOKING Heroism.
  8113 | D:9      | 8113 ||| INVOKING Heroism.
  8276 | D:9      | Noticed a two-headed ogre
  8277 | D:9      | 8277 ||| INVOKING Heroism.
  8285 | D:9      | Killed a two-headed ogre
  8286 | D:9      | Reached skill level 9 in Fighting
  8286 | D:9      | Reached XP level 11. HP: 69/72 MP: 12/14
  8355 | D:9      | 8355 ||| INVOKING Heroism.
  8379 | D:9      | 8379 ||| INVOKING Heroism.
  8570 | D:9      | 8570 ||| INVOKING Heroism.
  8674 | D:9      | Found a staircase to the Orcish Mines.
  8722 | D:9      | 8722 ||| Stepping ~*~*~tactically~*~*~ (outnumbered).
  8724 | D:9      | 8724 ||| Stepping ~*~*~tactically~*~*~ (outnumbered).
  8726 | D:9      | 8726 ||| Stepping ~*~*~tactically~*~*~ (retreating).
  8727 | D:9      | 8727 ||| INVOKING Heroism.
  8732 | D:9      | 8732 ||| Stepping ~*~*~tactically~*~*~ (retreating).
  8733 | D:9      | 8733 ||| RETREATING.
  8746 | D:9      | HP: 17/72 [orc warrior/+0 battleaxe (15)]
  8747 | D:9      | 8747 ||| READING 3 scrolls of teleportation.
  8748 | D:9      | 8748 ||| INVOKING Heroism.
  8966 | D:9      | 8966 ||| INVOKING Heroism.
  9269 | D:9      | 9269 ||| PLANNING LAIR
  9269 | D:9      | 9269 ||| UPGRADING to +0 cloak.
  9274 | D:9      | 9274 ||| DROPPING +2 robe of positive energy.
  9275 | D:9      | 9275 ||| UPGRADING to ring of see invisible.
  9277 | D:9      | 9277 ||| READING scroll labelled NET AG PIO.
  9310 | Lair:1   | Entered Level 1 of the Lair of Beasts
  9353 | Lair:1   | 9353 ||| RETREATING.
  9448 | Lair:1   | 9448 ||| RETREATING.
  9451 | Lair:1   | 9451 ||| Stepping ~*~*~tactically~*~*~ (retreating).
  9452 | Lair:1   | 9452 ||| Stepping ~*~*~tactically~*~*~ (retreating).
  9457 | Lair:1   | Reached skill level 14 in Ranged Weapons
  9463 | Lair:1   | Reached skill level 3 in Armour
  9660 | Lair:1   | 9660 ||| INVOKING Heroism.
 10017 | Lair:1   | 10017 ||| DROPPING +6 ring of intelligence.
 10018 | Lair:1   | 10018 ||| READING 3 scrolls labelled JOVAOMP MUCE.
 10019 | Lair:1   | 10019 ||| READING scroll labelled LYPEAGHERUOG.
 10066 | Lair:1   | 10066 ||| DRINKING 3 fizzy amethyst potions.
 10067 | Lair:1   | 10067 ||| DROPPING 2 scrolls of fear.
 10125 | Lair:2   | Found a staircase to the Swamp.
 10125 | Lair:2   | Noticed a bog body
 10131 | Lair:2   | Killed a bog body
 10233 | Lair:2   | 10233 ||| INVOKING Heroism.
 10275 | Lair:2   | Identified the +3 spear of Oghotafew {flame, SInv}
 10313 | Lair:2   | 10313 ||| RETREATING.
 10357 | Lair:2   | 10357 ||| INVOKING Heroism.
 10386 | Lair:2   | 10386 ||| RETREATING.
 10391 | Lair:2   | 10391 ||| Stepping ~*~*~tactically~*~*~ (retreating).
 10394 | Lair:2   | 10394 ||| Stepping ~*~*~tactically~*~*~ (retreating).
 10395 | Lair:2   | 10395 ||| Stepping ~*~*~tactically~*~*~ (retreating).
 10467 | Lair:2   | 10467 ||| RETREATING.
 10484 | Lair:2   | 10484 ||| INVOKING Heroism.
 10541 | Lair:2   | 10541 ||| FLEEEEING.
 10656 | Lair:2   | Found a staircase to the Snake Pit.
 10661 | Lair:2   | Reached *** piety under Okawaru
 10768 | Lair:2   | 10768 ||| RETREATING.
 10769 | Lair:2   | 10769 ||| INVOKING Heroism.
 10772 | Lair:2   | 10772 ||| Stepping ~*~*~tactically~*~*~ (retreating).
 10773 | Lair:2   | 10773 ||| Stepping ~*~*~tactically~*~*~ (retreating).
 10774 | Lair:2   | 10774 ||| Stepping ~*~*~tactically~*~*~ (retreating).
 10780 | Lair:2   | 10780 ||| Stepping ~*~*~tactically~*~*~ (retreating).
 10895 | Lair:2   | 10895 ||| INVOKING Heroism.
 10905 | Lair:2   | Reached skill level 6 in Dodging
 10905 | Lair:2   | Reached XP level 12. HP: 69/80 MP: 13/15
 11132 | Lair:2   | 11132 ||| RETREATING.
 11138 | Lair:2   | 11138 ||| Stepping ~*~*~tactically~*~*~ (retreating).
 11139 | Lair:2   | 11139 ||| Stepping ~*~*~tactically~*~*~ (retreating).
 11140 | Lair:2   | 11140 ||| Stepping ~*~*~tactically~*~*~ (retreating).
 11141 | Lair:2   | 11141 ||| Stepping ~*~*~tactically~*~*~ (retreating).
 11197 | Lair:2   | 11197 ||| INVOKING Heroism.
 11210 | Lair:2   | 11210 ||| Stepping ~*~*~tactically~*~*~ (retreating).
 11212 | Lair:2   | 11212 ||| Stepping ~*~*~tactically~*~*~ (retreating).
 11220 | Lair:2   | 11220 ||| INVOKING Heroism.
 11241 | Lair:2   | 11241 ||| FLEEEEING.
 11242 | Lair:2   | 11242 ||| FLEEEEING.
 11292 | Lair:2   | 11292 ||| RETREATING.
 11293 | Lair:2   | 11293 ||| FLEEEEING.
 11295 | Lair:2   | 11295 ||| FLEEEEING.
 11297 | Lair:2   | 11297 ||| FLEEEEING.
 11298 | Lair:2   | 11298 ||| FLEEEEING.
 11299 | Lair:2   | 11299 ||| FLEEEEING.
 11300 | Lair:2   | 11300 ||| FLEEEEING.
 11301 | Lair:2   | 11301 ||| FLEEEEING.
 11302 | Lair:2   | 11302 ||| FLEEEEING.
 11303 | Lair:2   | 11303 ||| FLEEEEING.
 11304 | Lair:2   | 11304 ||| FLEEEEING.
 11305 | Lair:2   | 11305 ||| FLEEEEING.
 11306 | Lair:2   | 11306 ||| FLEEEEING.
 11307 | Lair:2   | 11307 ||| FLEEEEING.
 11308 | Lair:2   | 11308 ||| FLEEEEING.
 11309 | Lair:2   | 11309 ||| FLEEEEING.
 11310 | Lair:2   | 11310 ||| FLEEEEING.
 11311 | Lair:2   | 11311 ||| FLEEEEING.
 11312 | Lair:2   | 11312 ||| FLEEEEING.
 11314 | Lair:2   | 11314 ||| FLEEEEING.
 11315 | Lair:2   | 11315 ||| FLEEEEING.
 11316 | Lair:2   | 11316 ||| FLEEEEING.
 11317 | Lair:2   | 11317 ||| FLEEEEING.
 11318 | Lair:2   | 11318 ||| FLEEEEING.
 11319 | Lair:2   | 11319 ||| FLEEEEING.
 11320 | Lair:2   | 11320 ||| FLEEEEING.
 11321 | Lair:2   | 11321 ||| FLEEEEING.
 11322 | Lair:2   | 11322 ||| FLEEEEING.
 11323 | Lair:2   | 11323 ||| FLEEEEING.
 11324 | Lair:2   | 11324 ||| FLEEEEING.
 11325 | Lair:2   | 11325 ||| FLEEEEING.
 11326 | Lair:2   | 11326 ||| FLEEEEING.
 11327 | Lair:2   | 11327 ||| FLEEEEING.
 11328 | Lair:2   | 11328 ||| STAIRDANCE
 11330 | Lair:1   | 11330 ||| DROPPING ring of resist corrosion.
 11331 | Lair:1   | 11331 ||| DROPPING ring of willpower.
 11332 | Lair:1   | 11332 ||| UPGRADING to +5 ring of evasion.
 11334 | Lair:1   | 11334 ||| DROPPING ring of see invisible.
 11337 | Lair:2   | 11337 ||| INVOKING Heroism.
 11434 | Lair:2   | 11434 ||| INVOKING Heroism.
 11736 | Lair:2   | 11736 ||| READING scroll labelled QUDAABL AXKUG.
 11766 | Lair:3   | 11766 ||| STAIRDANCE
 11771 | Lair:3   | 11771 ||| STAIRDANCE
 11779 | Lair:2   | 11779 ||| INVOKING Heroism.
 11869 | Lair:3   | 11869 ||| STAIRDANCE
 11926 | Lair:3   | Reached skill level 12 in Fighting
 12076 | Lair:3   | 12076 ||| FLEEEEING.
 12077 | Lair:3   | 12077 ||| FLEEEEING.
 12078 | Lair:3   | 12078 ||| FLEEEEING.
 12079 | Lair:3   | 12079 ||| FLEEEEING.
 12080 | Lair:3   | 12080 ||| FLEEEEING.
 12081 | Lair:3   | 12081 ||| INVOKING Heroism.
 12235 | Lair:3   | Identified the +8 long sword "Hudghaodu" {pain, rN+ MP+9}
 12737 | Lair:3   | 12737 ||| READING 14 scrolls of identify.
 12737 | Lair:3   | 12737 ||| IDENTIFYING smoky green potion
 12738 | Lair:3   | 12738 ||| DROPPING potion of berserk rage.
 12817 | Lair:4   | Noticed an eight-headed hydra
 12818 | Lair:4   | 12818 ||| INVOKING Heroism.
 12823 | Lair:4   | Killed an eight-headed hydra
 12919 | Lair:4   | Found a runed translucent door.
 12921 | Lair:4   | Noticed qw's ghost (journeyman GrHs)
 13085 | Lair:4   | Reached **** piety under Okawaru
 13086 | Lair:4   | 13086 ||| FLEEEEING.
 13092 | Lair:4   | 13092 ||| FLEEEEING.
 13138 | Lair:4   | 13138 ||| INVOKING Heroism.
 13141 | Lair:4   | 13141 ||| RETREATING.
 13152 | Lair:4   | 13152 ||| Stepping ~*~*~tactically~*~*~ (retreating).
 13154 | Lair:4   | 13154 ||| Stepping ~*~*~tactically~*~*~ (retreating).
 13155 | Lair:4   | 13155 ||| Stepping ~*~*~tactically~*~*~ (retreating).
 13156 | Lair:4   | 13156 ||| Stepping ~*~*~tactically~*~*~ (retreating).
 13157 | Lair:4   | 13157 ||| Stepping ~*~*~tactically~*~*~ (retreating).
 13159 | Lair:4   | 13159 ||| Stepping ~*~*~tactically~*~*~ (outnumbered).
 13160 | Lair:4   | 13160 ||| Stepping ~*~*~tactically~*~*~ (retreating).
 13166 | Lair:4   | 13166 ||| Stepping ~*~*~tactically~*~*~ (retreating).
 13167 | Lair:4   | 13167 ||| Stepping ~*~*~tactically~*~*~ (retreating).
 13168 | Lair:4   | 13168 ||| Stepping ~*~*~tactically~*~*~ (retreating).
 13169 | Lair:4   | 13169 ||| Stepping ~*~*~tactically~*~*~ (retreating).
 13170 | Lair:4   | 13170 ||| Stepping ~*~*~tactically~*~*~ (retreating).
 13171 | Lair:4   | 13171 ||| Stepping ~*~*~tactically~*~*~ (retreating).
 13172 | Lair:4   | 13172 ||| Stepping ~*~*~tactically~*~*~ (retreating).
 13173 | Lair:4   | 13173 ||| Stepping ~*~*~tactically~*~*~ (retreating).
 13174 | Lair:4   | 13174 ||| INVOKING Heroism.
 13192 | Lair:4   | 13192 ||| Stepping ~*~*~tactically~*~*~ (retreating).
 13200 | Lair:4   | 13200 ||| INVOKING Heroism.
 13206 | Lair:4   | 13206 ||| Stepping ~*~*~tactically~*~*~ (retreating).
 13208 | Lair:4   | 13208 ||| Stepping ~*~*~tactically~*~*~ (retreating).
 13335 | Lair:4   | 13335 ||| INVOKING Heroism.
 13337 | Lair:4   | 13337 ||| READING 13 scrolls of identify.
 13337 | Lair:4   | 13337 ||| IDENTIFYING sedimented red potion
 13350 | Lair:4   | 13350 ||| Stepping ~*~*~tactically~*~*~ (retreating).
 13352 | Lair:4   | Reached skill level 6 in Invocations
 13352 | Lair:4   | 13352 ||| Stepping ~*~*~tactically~*~*~ (retreating).
 13353 | Lair:4   | 13353 ||| INVOKING Heroism.
 13354 | Lair:4   | 13354 ||| Stepping ~*~*~tactically~*~*~ (retreating).
 13420 | Lair:4   | Noticed Snorg
 13421 | Lair:4   | 13421 ||| INVOKING Heroism.
 13438 | Lair:4   | Killed Snorg
 13585 | Lair:4   | 13585 ||| INVOKING Heroism.
 13680 | Lair:4   | 13680 ||| INVOKING Heroism.
 13848 | Lair:4   | 13848 ||| READING 12 scrolls of identify.
 13848 | Lair:4   | 13848 ||| IDENTIFYING fizzy purple potion
 13849 | Lair:4   | 13849 ||| DROPPING potion of degeneration.
 13868 | Lair:5   | Entered Level 5 of the Lair of Beasts
 13886 | Lair:5   | 13886 ||| RETREATING.
 13887 | Lair:5   | 13887 ||| Stepping ~*~*~tactically~*~*~ (retreating).
 13888 | Lair:5   | 13888 ||| Stepping ~*~*~tactically~*~*~ (retreating).
 13889 | Lair:5   | 13889 ||| Stepping ~*~*~tactically~*~*~ (retreating).
 13892 | Lair:5   | Noticed a skyshark
 13893 | Lair:5   | 13893 ||| Stepping ~*~*~tactically~*~*~ (retreating).
 13894 | Lair:5   | 13894 ||| Stepping ~*~*~tactically~*~*~ (retreating).
 13895 | Lair:5   | 13895 ||| Stepping ~*~*~tactically~*~*~ (retreating).
 13896 | Lair:5   | 13896 ||| RETREATING.
 13898 | Lair:5   | 13898 ||| Stepping ~*~*~tactically~*~*~ (retreating).
 13899 | Lair:5   | 13899 ||| INVOKING Heroism.
 13914 | Lair:5   | Killed a skyshark
 13914 | Lair:5   | Received a gift from Okawaru
 13914 | Lair:5   | HP: 20/84 [yak (3)]
 13915 | Lair:5   | Reached XP level 13. HP: 21/88 MP: 18/18
 13915 | Lair:5   | 13915 ||| READING 4 scrolls of teleportation.
 13916 | Lair:5   | 13916 ||| DRINKING 3 potions of heal wounds.
 13932 | Lair:5   | 13932 ||| INVOKING Heroism.
 14040 | Lair:5   | 14040 ||| INVOKING Heroism.
 14152 | Lair:5   | 14152 ||| INVOKING Heroism.
 14170 | Lair:5   | 14170 ||| INVOKING Heroism.
 14175 | Lair:5   | 14175 ||| RETREATING.
 14177 | Lair:5   | 14177 ||| Stepping ~*~*~tactically~*~*~ (retreating).
 14240 | Lair:5   | 14240 ||| RETREATING.
 14305 | Lair:5   | 14305 ||| INVOKING Heroism.
 14366 | Lair:5   | 14366 ||| INVOKING Heroism.
 14387 | Lair:5   | 14387 ||| Stepping ~*~*~tactically~*~*~ (retreating).
 14388 | Lair:5   | 14388 ||| Stepping ~*~*~tactically~*~*~ (retreating).
 14389 | Lair:5   | 14389 ||| Stepping ~*~*~tactically~*~*~ (retreating).
 14391 | Lair:5   | 14391 ||| Stepping ~*~*~tactically~*~*~ (retreating).
 14393 | Lair:5   | 14393 ||| Stepping ~*~*~tactically~*~*~ (retreating).
 14394 | Lair:5   | 14394 ||| INVOKING Heroism.
 14395 | Lair:5   | 14395 ||| Stepping ~*~*~tactically~*~*~ (retreating).
 14406 | Lair:5   | 14406 ||| INVOKING Heroism.
 14408 | Lair:5   | 14408 ||| RETREATING.
 14524 | Lair:5   | 14524 ||| RETREATING.
 14528 | Lair:5   | 14528 ||| RETREATING.
 14533 | Lair:5   | 14533 ||| RETREATING.
 14539 | Lair:5   | 14539 ||| Stepping ~*~*~tactically~*~*~ (retreating).
 14618 | Lair:5   | Found a staircase to the Slime Pits.
 14672 | Lair:5   | Noticed Kirke
 14674 | Lair:5   | 14674 ||| INVOKING Heroism.
 14677 | Lair:5   | 14677 ||| RETREATING.
 14680 | Lair:5   | 14680 ||| Stepping ~*~*~tactically~*~*~ (retreating).
 14681 | Lair:5   | 14681 ||| Stepping ~*~*~tactically~*~*~ (retreating).
 14682 | Lair:5   | 14682 ||| Stepping ~*~*~tactically~*~*~ (retreating).
 14692 | Lair:5   | Killed Kirke
 14776 | Lair:5   | 14776 ||| INVOKING Heroism.
 14794 | Lair:5   | 14794 ||| INVOKING Heroism.
 14816 | Lair:5   | Reached skill level 15 in Fighting
 14824 | Lair:5   | 14824 ||| INVOKING Heroism.
 14979 | Lair:5   | 14979 ||| RETREATING.
 15008 | Lair:5   | 15008 ||| INVOKING Heroism.
 15155 | Lair:5   | 15155 ||| READING scroll of enchant armour.
 15155 | Lair:5   | 15155 ||| ENCHANTING +0 pair of gloves.
 15212 | Lair:5   | 15212 ||| RETREATING.
 15291 | Lair:5   | 15291 ||| RETREATING.
 15297 | Lair:5   | 15297 ||| INVOKING Heroism.
 15310 | Lair:5   | 15310 ||| INVOKING Heroism.
 15321 | Lair:5   | HP: 18/92 [manticore (8)]
 15322 | Lair:5   | 15322 ||| READING 3 scrolls of teleportation.
 15323 | Lair:5   | 15323 ||| DRINKING 2 potions of heal wounds.
 15726 | Lair:5   | Found a runed translucent door.
 15727 | Lair:5   | Noticed a fire dragon
 15728 | Lair:5   | 15728 ||| INVOKING Heroism.
 15757 | Lair:5   | 15757 ||| INVOKING Heroism.
 15773 | Lair:5   | 15773 ||| Stepping ~*~*~tactically~*~*~ (retreating).
 15774 | Lair:5   | 15774 ||| Stepping ~*~*~tactically~*~*~ (retreating).
 15775 | Lair:5   | 15775 ||| Stepping ~*~*~tactically~*~*~ (retreating).
 15776 | Lair:5   | 15776 ||| Stepping ~*~*~tactically~*~*~ (retreating).
 15777 | Lair:5   | 15777 ||| Stepping ~*~*~tactically~*~*~ (retreating).
 15778 | Lair:5   | 15778 ||| Stepping ~*~*~tactically~*~*~ (retreating).
 15779 | Lair:5   | 15779 ||| Stepping ~*~*~tactically~*~*~ (retreating).
 15780 | Lair:5   | 15780 ||| INVOKING Heroism.
 15791 | Lair:5   | Reached skill level 9 in Dodging
 15797 | Lair:5   | 15797 ||| INVOKING Heroism.
 15807 | Lair:5   | HP: 12/92 [lindwurm/blast of flame (14)]
 15808 | Lair:5   | 15808 ||| READING 2 scrolls of teleportation.
 15809 | Lair:5   | 15809 ||| DRINKING potion of heal wounds.
 15811 | Lair:5   | HP: 2/92 [hornet (11)]
 16123 | Lair:5   | 16123 ||| INVOKING Heroism.
 16301 | Lair:5   | 16301 ||| Stepping ~*~*~tactically~*~*~ (outnumbered).
 16303 | Lair:5   | 16303 ||| Stepping ~*~*~tactically~*~*~ (retreating).
 16304 | Lair:5   | 16304 ||| INVOKING Heroism.
 16323 | Lair:5   | Gained mutation: Your large and strong wings let you fly.
                  | [Gargoyle growth]
 16323 | Lair:5   | Reached XP level 14. HP: 62/98 MP: 20/20
 16429 | Lair:5   | 16429 ||| RETREATING.
 16432 | Lair:5   | 16432 ||| Stepping ~*~*~tactically~*~*~ (outnumbered).
 16445 | Lair:5   | 16445 ||| INVOKING Heroism.
 16451 | Lair:5   | Reached skill level 9 in Invocations
 16542 | Lair:5   | 16542 ||| RETREATING.
 16548 | Lair:5   | 16548 ||| INVOKING Heroism.
 16734 | Lair:5   | 16734 ||| FLEEEEING.
 16739 | Lair:5   | 16739 ||| FLEEEEING.
 16741 | Lair:5   | 16741 ||| FLEEEEING.
 16742 | Lair:5   | 16742 ||| FLEEEEING.
 16743 | Lair:5   | 16743 ||| FLEEEEING.
 16744 | Lair:5   | 16744 ||| INVOKING Heroism.
 16785 | Lair:5   | 16785 ||| INVOKING Heroism.
 17015 | Lair:5   | 17015 ||| INVOKING Heroism.
 17019 | Lair:5   | 17019 ||| Stepping ~*~*~tactically~*~*~ (retreating).
 17020 | Lair:5   | 17020 ||| Stepping ~*~*~tactically~*~*~ (retreating).
 17021 | Lair:5   | 17021 ||| Stepping ~*~*~tactically~*~*~ (retreating).
 17022 | Lair:5   | 17022 ||| Stepping ~*~*~tactically~*~*~ (retreating).
 17023 | Lair:5   | 17023 ||| Stepping ~*~*~tactically~*~*~ (retreating).
 17024 | Lair:5   | 17024 ||| Stepping ~*~*~tactically~*~*~ (retreating).
 17025 | Lair:5   | 17025 ||| Stepping ~*~*~tactically~*~*~ (retreating).
 17026 | Lair:5   | 17026 ||| Stepping ~*~*~tactically~*~*~ (retreating).
 17027 | Lair:5   | 17027 ||| Stepping ~*~*~tactically~*~*~ (retreating).
 17029 | Lair:5   | 17029 ||| Stepping ~*~*~tactically~*~*~ (retreating).
 17031 | Lair:5   | 17031 ||| Stepping ~*~*~tactically~*~*~ (retreating).
 17032 | Lair:5   | 17032 ||| Stepping ~*~*~tactically~*~*~ (retreating).
 17033 | Lair:5   | 17033 ||| Stepping ~*~*~tactically~*~*~ (retreating).
 17165 | Lair:5   | 17165 ||| PLANNING D:1-11
 17165 | Lair:5   | 17165 ||| UPGRADING to amulet of faith.
 17175 | Lair:5   | 17175 ||| READING 13 scrolls of identify.
 17175 | Lair:5   | 17175 ||| IDENTIFYING inky potion
 17176 | Lair:5   | 17176 ||| DROPPING potion of invisibility.
 17357 | D:10     | Entered Level 10 of the Dungeon
 17422 | D:10     | Found a transporter.
 17464 | D:10     | Found a transporter.
 17614 | D:10     | Noticed Urug
 17615 | D:10     | 17615 ||| INVOKING Heroism.
 17625 | D:10     | Killed Urug
 17711 | D:10     | Noticed Fannar
 17718 | D:10     | 17718 ||| RETREATING.
 17724 | D:10     | Killed Fannar
 17994 | D:11     | 17994 ||| STAIRDANCE
 18076 | D:11     | 18076 ||| INVOKING Heroism.
 18078 | D:11     | 18078 ||| Stepping ~*~*~tactically~*~*~ (retreating).
 18079 | D:11     | 18079 ||| Stepping ~*~*~tactically~*~*~ (retreating).
 18092 | D:11     | Reached skill level 6 in Armour
 18153 | D:11     | 18153 ||| SWAPPING to +0 orcbow.
 18154 | D:11     | 18154 ||| DROPPING +2 heavy shortbow.
 18155 | D:11     | 18155 ||| READING scroll of brand weapon.
 18155 | D:11     | 18155 ||| BRANDING +0 orcbow.
 18278 | D:11     | 18278 ||| INVOKING Heroism.
 18504 | D:11     | 18504 ||| INVOKING Heroism.
 18687 | D:11     | 18687 ||| INVOKING Heroism.
 18955 | D:11     | 18955 ||| PLANNING D
 19010 | D:12     | 19010 ||| PLANNING BAZAAR
 19488 | D:12     | Reached ***** piety under Okawaru
 19507 | D:12     | 19507 ||| RETREATING.
 19513 | D:12     | 19513 ||| Stepping ~*~*~tactically~*~*~ (retreating).
 19514 | D:12     | 19514 ||| Stepping ~*~*~tactically~*~*~ (retreating).
 19515 | D:12     | 19515 ||| Stepping ~*~*~tactically~*~*~ (retreating).
 19516 | D:12     | 19516 ||| Stepping ~*~*~tactically~*~*~ (retreating).
 19517 | D:12     | 19517 ||| Stepping ~*~*~tactically~*~*~ (retreating).
 19518 | D:12     | 19518 ||| Stepping ~*~*~tactically~*~*~ (retreating).
 19519 | D:12     | 19519 ||| Stepping ~*~*~tactically~*~*~ (retreating).
 19524 | D:12     | 19524 ||| INVOKING Heroism.
 19656 | D:12     | Found a flickering gateway to a bazaar.
 19665 | Bazaar   | Entered a bazaar
 19698 | Bazaar   | Found Daxtumm's Assorted Antiques.
 19706 | Bazaar   | 19706 ||| BUYING glowing ring mail (147 gold).
 19706 | Bazaar   | Bought a glowing ring mail for 147 gold pieces
 19706 | Bazaar   | 19706 ||| BUYING peridot ring (105 gold).
 19706 | Bazaar   | Bought a peridot ring for 105 gold pieces
 19706 | Bazaar   | 19706 ||| BUYING potion of mutation (168 gold).
 19706 | Bazaar   | Bought a potion of mutation for 168 gold pieces
 19706 | Bazaar   | 19706 ||| BUYING potion of resistance (210 gold).
 19706 | Bazaar   | Bought a potion of resistance for 210 gold pieces
 19706 | Bazaar   | 19706 ||| BUYING scroll of teleportation (63 gold).
 19706 | Bazaar   | Bought a scroll of teleportation for 63 gold pieces
 19755 | Bazaar   | Found Awasuuna's Magic Scroll Emporium.
 19794 | Bazaar   | Found Ydghoz's Book Boutique.
 19831 | Bazaar   | Found Faesmisch's Magic Scroll Emporium.
 19839 | Bazaar   | 19839 ||| BUYING scroll of enchant armour (112 gold).
 19839 | Bazaar   | Bought a scroll of enchant armour for 112 gold pieces
 19839 | Bazaar   | 19839 ||| BUYING scroll of teleportation (45 gold).
 19839 | Bazaar   | Bought a scroll of teleportation for 45 gold pieces
 19839 | Bazaar   | 19839 ||| READING scroll of enchant armour.
 19839 | Bazaar   | 19839 ||| ENCHANTING +1 pair of gloves.
 19950 | Bazaar   | 19950 ||| DROPPING ring of magical power.
 19969 | D:12     | 19969 ||| PLANNING D
 20342 | D:13     | 20342 ||| PLANNING GAUNTLET
 20443 | D:13     | 20443 ||| FLEEEEING.
 20444 | D:13     | 20444 ||| FLEEEEING.
 20445 | D:13     | 20445 ||| FLEEEEING.
 20451 | D:13     | 20451 ||| FLEEEEING.
 20452 | D:13     | 20452 ||| FLEEEEING.
 20453 | D:13     | 20453 ||| FLEEEEING.
 20454 | D:13     | 20454 ||| FLEEEEING.
 20455 | D:13     | 20455 ||| FLEEEEING.
 20456 | D:13     | 20456 ||| FLEEEEING.
 20458 | D:13     | 20458 ||| FLEEEEING.
 20459 | D:13     | 20459 ||| FLEEEEING.
 20460 | D:13     | 20460 ||| FLEEEEING.
 20461 | D:13     | 20461 ||| STAIRDANCE
 20576 | D:13     | Reached skill level 15 in Ranged Weapons
 20589 | D:13     | Noticed Josephine
 20591 | D:13     | 20591 ||| RETREATING.
 20623 | D:13     | 20623 ||| Stepping ~*~*~tactically~*~*~ (retreating).
 20624 | D:13     | Killed Josephine
 20624 | D:13     | Identified the +0 hat "Pinuam" {Str-3 Int+5 Dex+3} (Okawaru
                  | gifted it to you on level 13 of the Dungeon)
 20624 | D:13     | Received a gift from Okawaru
 20625 | D:13     | 20625 ||| FLEEEEING.
 20626 | D:13     | 20626 ||| FLEEEEING.
 20637 | D:13     | 20637 ||| INVOKING Heroism.
 20652 | D:13     | 20652 ||| INVOKING Heroism.
 20815 | D:13     | 20815 ||| RIP GAUNTLET
 20816 | D:13     | 20816 ||| PLANNING D
 21077 | D:13     | 21077 ||| INVOKING Heroism.
 21087 | D:13     | 21087 ||| Stepping ~*~*~tactically~*~*~ (retreating).
 21088 | D:13     | 21088 ||| Stepping ~*~*~tactically~*~*~ (retreating).
 21089 | D:13     | 21089 ||| Stepping ~*~*~tactically~*~*~ (retreating).
 21091 | D:13     | 21091 ||| Stepping ~*~*~tactically~*~*~ (retreating).
 21092 | D:13     | 21092 ||| RETREATING.
 21098 | D:13     | 21098 ||| Stepping ~*~*~tactically~*~*~ (retreating).
 21099 | D:13     | 21099 ||| Stepping ~*~*~tactically~*~*~ (retreating).
 21100 | D:13     | 21100 ||| Stepping ~*~*~tactically~*~*~ (retreating).
 21101 | D:13     | 21101 ||| Stepping ~*~*~tactically~*~*~ (retreating).
 21102 | D:13     | 21102 ||| Stepping ~*~*~tactically~*~*~ (retreating).
 21103 | D:13     | 21103 ||| Stepping ~*~*~tactically~*~*~ (retreating).
 21104 | D:13     | 21104 ||| Stepping ~*~*~tactically~*~*~ (outnumbered).
 21112 | D:13     | 21112 ||| Stepping ~*~*~tactically~*~*~ (retreating).
 21113 | D:13     | 21113 ||| Stepping ~*~*~tactically~*~*~ (retreating).
 21114 | D:13     | 21114 ||| Stepping ~*~*~tactically~*~*~ (retreating).
 21115 | D:13     | 21115 ||| Stepping ~*~*~tactically~*~*~ (retreating).
 21125 | D:13     | 21125 ||| INVOKING Heroism.
 21159 | D:13     | HP: 19/100 [skeletal warrior/+0 dire flail (13)]
 21160 | D:13     | 21160 ||| READING 3 scrolls of teleportation.
 21160 | D:13     | HP: 2/100 [skeletal warrior/+0 dire flail (17)]
 21161 | D:13     | 21161 ||| DRINKING 2 potions of heal wounds.
 21162 | D:13     | 21162 ||| DRINKING potion of heal wounds.
 21361 | D:13     | 21361 ||| INVOKING Heroism.
 21387 | D:13     | 21387 ||| INVOKING Heroism.
 21719 | D:13     | 21719 ||| RETREATING.
 21723 | D:13     | 21723 ||| Stepping ~*~*~tactically~*~*~ (retreating).
 21780 | D:13     | Reached skill level 16 in Ranged Weapons
 21819 | D:13     | Found a gate to the Vaults.
 21920 | D:13     | 21920 ||| INVOKING Heroism.
 21990 | D:13     | 21990 ||| UPGRADING to +0 hat "Pinuam" {Str-3 Int+5 Dex+3}.
 21995 | D:13     | 21995 ||| READING scroll labelled HUPUFI ORAP.
 21996 | D:13     | 21996 ||| READING 13 scrolls of identify.
 21996 | D:13     | 21996 ||| IDENTIFYING viscous dark potion
 21997 | D:13     | 21997 ||| DROPPING potion of brilliance.
 22007 | D:13     | 22007 ||| INVOKING Heroism.
 22044 | D:14     | Reached XP level 15. HP: 104/104 MP: 22/22
 22053 | D:14     | 22053 ||| RETREATING.
 22081 | D:14     | 22081 ||| INVOKING Heroism.
 22090 | D:14     | HP: 20/104 [two-headed ogre/+0 giant club[a boggart] (10)]
 22091 | D:14     | 22091 ||| READING 2 scrolls of teleportation.
 22105 | D:14     | 22105 ||| READING scroll of teleportation.
 22332 | D:14     | 22332 ||| Stepping ~*~*~tactically~*~*~ (outnumbered).
 22334 | D:14     | 22334 ||| Stepping ~*~*~tactically~*~*~ (outnumbered).
 22336 | D:14     | 22336 ||| Stepping ~*~*~tactically~*~*~ (outnumbered).
 22338 | D:14     | 22338 ||| Stepping ~*~*~tactically~*~*~ (outnumbered).
 22340 | D:14     | 22340 ||| Stepping ~*~*~tactically~*~*~ (outnumbered).
 22349 | D:14     | 22349 ||| INVOKING Heroism.
 22364 | D:14     | 22364 ||| RETREATING.
 22396 | D:14     | 22396 ||| INVOKING Heroism.
 22439 | D:14     | Found a shimmering blue altar of Sif Muna.
 22495 | D:14     | 22495 ||| READING scroll of enchant weapon.
 22495 | D:14     | 22495 ||| ENCHANTING +0 orcbow of draining.
 22558 | D:14     | 22558 ||| RETREATING.
 22559 | D:14     | 22559 ||| INVOKING Heroism.
 22594 | D:14     | 22594 ||| READING scroll of enchant weapon.
 22594 | D:14     | 22594 ||| ENCHANTING +1 orcbow of draining.
 22855 | D:15     | Entered Level 15 of the Dungeon
 22959 | D:15     | 22959 ||| INVOKING Heroism.
 22967 | D:15     | 22967 ||| RETREATING.
 23041 | D:15     | Found a snail-covered altar of Cheibriados.
 23484 | D:15     | Noticed Azrael
 23485 | D:15     | 23485 ||| FLEEEEING.
 23486 | D:15     | 23486 ||| FLEEEEING.
 23487 | D:15     | 23487 ||| FLEEEEING.
 23488 | D:15     | 23488 ||| FLEEEEING.
 23489 | D:15     | 23489 ||| FLEEEEING.
 23490 | D:15     | 23490 ||| FLEEEEING.
 23491 | D:15     | 23491 ||| FLEEEEING.
 23492 | D:15     | 23492 ||| STAIRDANCE
 23579 | D:15     | 23579 ||| INVOKING Heroism.
 23583 | D:15     | 23583 ||| STAIRDANCE
 23794 | D:15     | 23794 ||| INVOKING Heroism.
 23795 | D:15     | 23795 ||| STAIRDANCE
 23804 | D:14     | Killed Azrael
 23858 | D:15     | 23858 ||| STAIRDANCE
 23923 | D:15     | 23923 ||| STAIRDANCE
 23952 | D:15     | 23952 ||| STAIRDANCE
 23989 | D:15     | 23989 ||| STAIRDANCE
 24115 | D:15     | Received a gift from Okawaru
 24353 | D:15     | Found a staircase to the Depths.
 24354 | D:15     | 24354 ||| INVOKING Heroism.
 24444 | D:15     | 24444 ||| PLANNING ORC
 24444 | D:15     | 24444 ||| DROPPING scarf of shadows.
 24560 | Orc:1    | Entered Level 1 of the Orcish Mines
 24569 | Orc:1    | 24569 ||| STAIRDANCE
 24577 | Orc:1    | 24577 ||| STAIRDANCE
 24584 | Orc:1    | 24584 ||| STAIRDANCE
 24743 | Orc:1    | 24743 ||| Stepping ~*~*~tactically~*~*~ (outnumbered).
 24745 | Orc:1    | 24745 ||| Stepping ~*~*~tactically~*~*~ (outnumbered).
 24749 | Orc:1    | 24749 ||| INVOKING Heroism.
 24751 | Orc:1    | 24751 ||| Stepping ~*~*~tactically~*~*~ (outnumbered).
 24768 | Orc:1    | 24768 ||| Stepping ~*~*~tactically~*~*~ (outnumbered).
 25005 | Orc:2    | Entered Level 2 of the Orcish Mines
 25068 | Orc:2    | 25068 ||| RETREATING.
 25078 | Orc:2    | 25078 ||| Stepping ~*~*~tactically~*~*~ (retreating).
 25124 | Orc:2    | 25124 ||| FLEEEEING.
 25126 | Orc:2    | 25126 ||| FLEEEEING.
 25127 | Orc:2    | 25127 ||| FLEEEEING.
 25128 | Orc:2    | 25128 ||| FLEEEEING.
 25157 | Orc:2    | 25157 ||| FLEEEEING.
 25158 | Orc:2    | 25158 ||| STAIRDANCE
 25266 | Orc:2    | 25266 ||| INVOKING Heroism.
 25310 | Orc:2    | Reached skill level 18 in Fighting
 25352 | Orc:2    | 25352 ||| INVOKING Heroism.
 25423 | Orc:2    | Found Suatrot's Book Emporium.
 25423 | Orc:2    | Found Nojuxom's Jewellery Shop.
 25424 | Orc:2    | Found Notzeiru's Jewellery Boutique.
 25424 | Orc:2    | Found Nire's Assorted Antiques.
 25428 | Orc:2    | 25428 ||| RETREATING.
 25454 | Orc:2    | Noticed Nessos
 25455 | Orc:2    | 25455 ||| INVOKING Finesse.
 25468 | Orc:2    | Killed Nessos
 25469 | Orc:2    | Reached XP level 16. HP: 101/114 MP: 18/23
 25489 | Orc:2    | 25489 ||| INVOKING Heroism.
 25513 | Orc:2    | 25513 ||| BUYING ring of protection from fire (325 gold).
 25513 | Orc:2    | Bought a ring of protection from fire for 325 gold pieces
 25514 | Orc:2    | 25514 ||| BUYING potion of curing (84 gold).
 25514 | Orc:2    | Bought a potion of curing for 84 gold pieces
 25514 | Orc:2    | 25514 ||| BUYING scroll of enchant weapon (210 gold).
 25514 | Orc:2    | Bought a scroll of enchant weapon for 210 gold pieces
 25514 | Orc:2    | 25514 ||| BUYING translucent leather armour (196 gold).
 25514 | Orc:2    | Bought a translucent leather armour for 196 gold pieces
 25514 | Orc:2    | Identified the +3 leather armour "Vierryec" {rC+ rCorr
                  | Slay-5} (You bought it in a shop on level 2 of the Orcish
                  | Mines)
 25514 | Orc:2    | 25514 ||| READING scroll of enchant weapon.
 25514 | Orc:2    | 25514 ||| ENCHANTING +2 orcbow of draining.
 25516 | Orc:2    | 25516 ||| SHOPLISTING +5 ring of evasion (468 gold, have
                  | 18).
 25516 | Orc:2    | 25516 ||| SHOPLISTING amulet "Enlomoot" {Reflect rElec
                  | Str+2 Int-4 SH+5} (517 gold, have 18).
 25516 | Orc:2    | 25516 ||| SHOPLISTING amulet of regeneration (390 gold,
                  | have 18).
 25524 | Orc:2    | 25524 ||| SWAPPING to +2 longbow of flaming.
 25525 | Orc:2    | 25525 ||| DROPPING +3 orcbow of draining.
 25558 | Orc:2    | Found a staircase to the Elven Halls.
 25562 | Orc:2    | 25562 ||| Stepping ~*~*~tactically~*~*~ (outnumbered).
 25567 | Orc:2    | 25567 ||| Stepping ~*~*~tactically~*~*~ (outnumbered).
 25858 | Orc:2    | 25858 ||| INVOKING Heroism.
 26059 | Orc:2    | 26059 ||| PLANNING SNAKE:1-3
 26059 | Orc:2    | 26059 ||| DROPPING +3 leather armour "Vierryec" {rC+ rCorr
                  | Slay-5}.
 26199 | Snake:1  | Entered Level 1 of the Snake Pit
 26204 | Snake:1  | 26204 ||| STAIRDANCE
 26316 | Snake:1  | 26316 ||| Stepping ~*~*~tactically~*~*~ (outnumbered).
 26318 | Snake:1  | 26318 ||| INVOKING Heroism.
 26410 | Snake:1  | 26410 ||| INVOKING Heroism.
 26430 | Snake:1  | 26430 ||| Stepping ~*~*~tactically~*~*~ (outnumbered).
 26472 | Snake:1  | 26472 ||| Stepping ~*~*~tactically~*~*~ (outnumbered).
 26474 | Snake:1  | 26474 ||| Stepping ~*~*~tactically~*~*~ (retreating).
 26720 | Snake:1  | Reached skill level 17 in Ranged Weapons
 26769 | Snake:1  | 26769 ||| RETREATING.
 26868 | Snake:1  | 26868 ||| INVOKING Heroism.
 27018 | Snake:1  | 27018 ||| Stepping ~*~*~tactically~*~*~ (outnumbered).
 27020 | Snake:1  | 27020 ||| Stepping ~*~*~tactically~*~*~ (outnumbered).
 27022 | Snake:1  | 27022 ||| Stepping ~*~*~tactically~*~*~ (retreating).
 27036 | Snake:1  | Identified the +7 triple crossbow of Conscience {penet,
                  | Str+2 Dex+3} (Okawaru gifted it to you on level 1 of the
                  | Snake Pit)
 27036 | Snake:1  | Received a gift from Okawaru
 27112 | Snake:1  | 27112 ||| SWAPPING to +7 triple crossbow of Conscience
                  | {penet, Str+2 Dex+3}.
 27113 | Snake:1  | 27113 ||| DROPPING +2 longbow of flaming.
 27221 | Snake:1  | 27221 ||| RETREATING.
 27222 | Snake:1  | 27222 ||| Stepping ~*~*~tactically~*~*~ (outnumbered).
 27224 | Snake:1  | 27224 ||| Stepping ~*~*~tactically~*~*~ (outnumbered).
 27227 | Snake:1  | 27227 ||| Stepping ~*~*~tactically~*~*~ (retreating).
 27233 | Snake:1  | 27233 ||| Stepping ~*~*~tactically~*~*~ (retreating).
 27516 | Snake:1  | 27516 ||| INVOKING Heroism.
 27606 | Snake:1  | 27606 ||| DROPPING ring of positive energy.
 27634 | Snake:2  | 27634 ||| STAIRDANCE
 27693 | Snake:2  | Found Tomunn's Antique Weapon Shop.
 27978 | Snake:2  | Reached skill level 18 in Ranged Weapons
 28010 | Snake:2  | Found a frozen archway.
 28011 | Snake:2  | 28011 ||| INVOKING Heroism.
 28012 | Snake:2  | 28012 ||| INVOKING Finesse.
 28272 | Snake:2  | Identified the +1 longbow "Ucotz" {freeze, Int+6} (Okawaru
                  | gifted it to you on level 2 of the Snake Pit)
 28272 | Snake:2  | Received a gift from Okawaru
 28283 | Snake:2  | 28283 ||| INVOKING Heroism.
 28533 | Snake:2  | 28533 ||| READING scroll labelled BIKLAL UCIFFEST.
 28655 | Snake:3  | 28655 ||| PLANNING D:1-11
 29040 | D:9      | 29040 ||| PLANNING LAIR
 29238 | Lair:5   | 29238 ||| PLANNING D:1-11
 29388 | D:11     | 29388 ||| PLANNING D
 29500 | D:15     | 29500 ||| PLANNING ORC
 29609 | Orc:2    | 29609 ||| PLANNING SNAKE:1-3
 29733 | Snake:1  | 29733 ||| INVOKING Heroism.
 29813 | Snake:3  | 29813 ||| Stepping ~*~*~tactically~*~*~ (retreating).
 29814 | Snake:3  | 29814 ||| RETREATING.
 29815 | Snake:3  | 29815 ||| Stepping ~*~*~tactically~*~*~ (retreating).
 29892 | Snake:3  | Found Wyogyi's Jewellery Emporium.
 29895 | Snake:3  | 29895 ||| INVOKING Heroism.
 29899 | Snake:3  | 29899 ||| Stepping ~*~*~tactically~*~*~ (outnumbered).
 29947 | Snake:3  | 29947 ||| RETREATING.
 29954 | Snake:3  | 29954 ||| Stepping ~*~*~tactically~*~*~ (retreating).
 30043 | Snake:3  | 30043 ||| RETREATING.
 30069 | Snake:3  | Reached skill level 19 in Ranged Weapons
 30168 | Snake:3  | Found Hoploz's Book Shoppe.
 30168 | Snake:3  | Found Ebbiany's Antique Weapon Emporium.
 30173 | Snake:3  | 30173 ||| SHOPLISTING +5 ring of evasion (504 gold, have
                  | 293).
 30173 | Snake:3  | 30173 ||| SHOPLISTING amulet of reflection (420 gold, have
                  | 293).
 30173 | Snake:3  | 30173 ||| SHOPLISTING amulet of the Four Winds {rN+ Will+++
                  | Clar} (849 gold, have 293).
 30173 | Snake:3  | Found Gamaoqit's General Store.
 30297 | Snake:3  | 30297 ||| RETREATING.
 30299 | Snake:3  | Reached XP level 17. HP: 119/119 MP: 24/24
 30305 | Snake:3  | 30305 ||| Stepping ~*~*~tactically~*~*~ (outnumbered).
 30306 | Snake:3  | 30306 ||| INVOKING Heroism.
 30496 | Snake:3  | Reached ****** piety under Okawaru
 30644 | Snake:3  | Received a gift from Okawaru
 30706 | Snake:3  | 30706 ||| INVOKING Heroism.
 30721 | Snake:3  | Found a burning altar of Makhleb.
 31350 | Snake:3  | 31350 ||| PLANNING SWAMP:1-3
 31525 | Swamp:1  | Entered Level 1 of the Swamp
 31526 | Swamp:1  | 31526 ||| INVOKING Heroism.
 31531 | Swamp:1  | Reached skill level 20 in Ranged Weapons
 31640 | Swamp:1  | Noticed Jorgrun
 31640 | Swamp:1  | 31640 ||| RETREATING.
 31643 | Swamp:1  | 31643 ||| Stepping ~*~*~tactically~*~*~ (retreating).
 31644 | Swamp:1  | 31644 ||| Stepping ~*~*~tactically~*~*~ (retreating).
 31648 | Swamp:1  | 31648 ||| INVOKING Heroism.
 31653 | Swamp:1  | HP: 25/119 [eleionoma (9)]
 31654 | Swamp:1  | 31654 ||| READING 2 scrolls of teleportation.
 31654 | Swamp:1  | HP: 12/119 [Jorgrun/+0 heavy quarterstaff (11)]
 31654 | Swamp:1  | Constricted to death by Jorgrun

Levels and vault maps discovered:
D:1:      saegor_arrival_simple_a, layout_loops_corners,
          nicolae_figureground_sparkle
D:2:      layout_basic, hellmonk_ecumenical_altar_pennies_from_heaven,
          uniq_crazy_yiuf_cottage
D:3:      layout_loops_ring
D:4:      layout_basic
D:5:      layout_loops_ring, grunt_temple_overflow_cloverleaf, st_stairs_5,
          supply_closet_lemuel
D:6:      layout_rooms, uniq_duvessa, uniq_sigmund
D:7:      layout_layer_cave, nicolae_hepliaklqana_hazy_memory,
          minmay_temple_entry_proselytizer, minmay_increasing_density
D:8:      layout_cave_pools
D:9:      layout_layer_cave, erik_lair_orcish_takeover, david_orc_1_choice,
          enter_bailey_2, minmay_misc_feat_hallway, uniq_joseph, uniq_maurice
D:10:     gammafunk_worm_tunnel, layout_loops_cross, minmay_fountain_box,
          item_on_display_a, uniq_urug, uniq_fannar
D:11:     layout_roguey
D:12:     layout_stronghold, serial_shops, bzr_in_the_mist,
          minmay_misc_feat_rows
D:13:     layout_irregular_city, ximxim_vaults_locker_room,
          gauntlet_entry_generic, uniq_josephine
D:14:     layout_basic, nicolae_sif_muna_condensation, hangedman_ranch
D:15:     grunt_enter_depths_magical_seal, layout_long_grid, slow_altar_2,
          uniq_azrael
Temple:   minmay_temple_bridge_d
Lair:1:   layout_regular_city
Lair:2:   layout_cave_pods, skrybe_swamp_entry_bodies,
          minmay_snake_entry_guardpost_large
Lair:3:   layout_hall_layers, lemuel_fruit_fields
Lair:4:   layout_gridlike, hellmonk_ghost_happy_afterlife, grunt_megastairs_3,
          uniq_snorg
Lair:5:   hangedman_lair_in_review, layout_regular_city, wormcave,
          dpeg_slime_entry_corner, infiniplex_staircase_pool, uniq_kirke
Swamp:1:  nicolae_swamp_decorative_isthmus, layout_basic_swamp,
          evilmike_swamp_ruin_house_2, uniq_jorgrun
Snake:1:  layout_chambers
Snake:2:  layout_layer_cave, serial_shops, shop_statue,
          portal_ice_cave_entry_ice_statue_two
Snake:3:  layout_chambers, basic_altar, grunt_megastairs_1, minmay_shoptagon
Orc:1:    layout_caves
Orc:2:    st_orc_ogre_mass, layout_caves, uniq_nessos

Skill      XL: |  1  2  3  4  5  6  7  8  9 10 11 12 13 14 15 16 17 |
---------------+----------------------------------------------------+-----
Ranged Weapons | 5 6 7 8 10 11 13 14 16 19 20 | 20.1
Armour         | 1 2 3 5 6 7 |  7.0
Fighting       | 3 4 5 6 7 9 11 13 15 16 18 | 18.0
Dodging        | 2 3 4 6 7 9 11 | 11.2
Invocations    | 1 4 6 8 10 | 10.0
Stealth        | |  1.1

Action                     |  1- 3 |  4- 6 |  7- 9 | 10-12 | 13-15 | 16-18 || total
---------------------------+-------+-------+-------+-------+-------+-------++-------
   Fire: Shortbow          |   144 |   121 |   187 |   666 |   630 |       ||  1748
         Orcbow            |       |       |       |       |  1282 |     6 ||  1288
         Longbow           |       |       |       |       |       |   210 ||   210
         Triple crossbow   |       |       |       |       |       |   269 ||   269
 Invoke: Heroism           |       |       |     1 |    38 |    51 |    14 ||   104
         Finesse           |       |       |       |       |     1 |     1 ||     2
    Use: Scroll            |     5 |     6 |     4 |     9 |    14 |     3 ||    41
         Potion            |       |       |     4 |     2 |     5 |       ||    11
 Armour: Leather armour    |    14 |       |       |       |       |       ||    14
         Ring mail         |     6 |    89 |    36 |       |       |       ||   131
         Robe              |       |       |    18 |   183 |   338 |    89 ||   628
  Dodge: Dodged            |    29 |    54 |    54 |   443 |  1174 |   311 ||  2065

Table legend:
 A = Non-vault XP
 B = Vault XP
 C = Vault XP percentage of total XP
 D = Non-vault monster count
 E = Vault monster count
 F = Vault count percentage of total count
                 A         B        C        D         E       F
            +---------+---------+-------+---------+---------+-------
      Total |  142083 |   58569 |  29.2 |     566 |     168 |  22.9
            +---------+---------+-------+---------+---------+-------
        D:1 |      34 |       0 |   0.0 |      19 |       0 |   0.0
        D:2 |      44 |       0 |   0.0 |      19 |       0 |   0.0
        D:3 |      84 |       0 |   0.0 |      19 |       0 |   0.0
        D:4 |     127 |       0 |   0.0 |       9 |       0 |   0.0
        D:5 |     468 |     152 |  24.5 |      14 |       3 |  17.6
        D:6 |     600 |     454 |  43.1 |      14 |       3 |  17.6
        D:7 |    1099 |    1455 |  57.0 |      20 |       9 |  31.0
        D:8 |    2418 |       0 |   0.0 |      30 |       0 |   0.0
        D:9 |    2120 |    2525 |  54.4 |      14 |      21 |  60.0
       D:10 |    1119 |    1660 |  59.7 |      12 |       2 |  14.3
       D:11 |    4810 |       0 |   0.0 |      19 |       0 |   0.0
       D:12 |    5066 |       0 |   0.0 |      21 |       0 |   0.0
       D:13 |    7302 |    6887 |  48.5 |      12 |      17 |  58.6
       D:14 |    8471 |    3322 |  28.2 |      21 |      11 |  34.4
       D:15 |    8154 |    4609 |  36.1 |      22 |      12 |  35.3
     Lair:1 |    2610 |       0 |   0.0 |      13 |       0 |   0.0
     Lair:2 |    6895 |    1542 |  18.3 |      32 |       6 |  15.8
     Lair:3 |    1610 |       0 |   0.0 |       6 |       0 |   0.0
     Lair:4 |    5702 |    2534 |  30.8 |      21 |       8 |  27.6
     Lair:5 |   12895 |   15250 |  54.2 |      50 |      36 |  41.9
    Swamp:1 |    5646 |       0 |   0.0 |      10 |       0 |   0.0
    Snake:1 |   23444 |       0 |   0.0 |      44 |       0 |   0.0
    Snake:2 |   10938 |    1338 |  10.9 |      21 |       2 |   8.7
    Snake:3 |   25062 |    1605 |   6.0 |      47 |       2 |   4.1
      Orc:1 |    2928 |       0 |   0.0 |      29 |       0 |   0.0
      Orc:2 |    2437 |   15236 |  86.2 |      28 |      36 |  56.2
            +---------+---------+-------+---------+---------+-------
